[Event "FIDE Candidates 2024"]
[Site "Toronto"]
[Date "2024.04.04"]
[Round "1.2"]
[White "Abasov, Nijat"]
[Black "Nepomniachtchi, Ian"]
[Result "1/2-1/2"]
[ECO "D53"]
[WhiteElo "2632"]
[BlackElo "2758"]
[Annotator "TA"]
[PlyCount "67"]
[EventDate "2024.04.02"]
[EventType "tourn"]
[EventCountry "CAN"]
[SourceTitle "playchess.com"]
[Source "ChessBase"]
[SourceQuality "1"]
[TimeControl "40/7200:1800+30"]

1. d4 Nf6 2. c4 e6 3. Nc3 d5 4. Bg5 Be7 5. e3 h6 6. Bh4 dxc4 7. Bxc4 c5 8. Nf3 cxd4 9. exd4 Nc6 10. O-O O-O 11. Re1 a6 12. Rc1 b5 13. Bb3 Bb7 14. Bxf6 Bxf6 15. d5 exd5 16. Nxd5 Na5 17. Nxf6+ Qxf6 18. Qd4 Qxd4 19. Nxd4 Rad8 20. Rcd1 Nxb3 21. Nxb3 Bd5 22. f3 Bxb3 23. axb3 Rxd1 24. Rxd1 $15 {[%emt 0:00:16][%mdl 4096] Endgame. KR-KR} Rc8 25. Rd2 $1 {[%emt 0:00:45] Against Rc2} Kf8 26. Re2 Rd8 27. Kf2 $1 Rd4 28. Re4 {[%emt 0:01:24] The position is equal.} Rd1 29. Re1 Rd2+ 30. Re2 Rd4 31. Re4 Rd1 32. Re1 Rd2+ 33. Re2 Rd4 34. Re4 {[%emt 0:00:15] Weighted Error Value: White=0.05 (flawless) /Black=0.04 (flawless) .  Inaccurate:     	White=1     	Black=1      OK:         	White=11    	Black=13     Best:        	White=2     	Black=1      Strong:       	White=2     	---} 1/2-1/2

[Event "FIDE Candidates 2024"]
[Site "Toronto"]
[Date "2024.04.05"]
[Round "3.2"]
[White "Abasov, Nijat"]
[Black "Nakamura, Hikaru"]
[Result "1/2-1/2"]
[ECO "D13"]
[WhiteElo "2632"]
[BlackElo "2789"]
[Annotator "TA"]
[PlyCount "57"]
[EventDate "2024.04.02"]
[EventType "tourn"]
[EventCountry "CAN"]
[SourceTitle "playchess.com"]
[Source "ChessBase"]
[SourceQuality "1"]
[TimeControl "40/7200:1800+30"]

1. d4 d5 2. c4 c6 3. cxd5 cxd5 4. Nc3 Nf6 5. Nf3 Nc6 6. Bf4 a6 7. e3 Bg4 8. h3 Bxf3 9. Qxf3 e6 10. Rc1 Bd6 11. Bd3 Bxf4 12. Qxf4 O-O 13. O-O Rc8 14. Qf3 Qd6 {[%emt 0:08:40] The position is equal.} 15. Qe2 Nd7 16. Qd2 Ne7 17. Ne2 g6 18. Rxc8 Rxc8 19. Rc1 Rxc1+ 20. Nxc1 Nc6 21. Nb3 Qb4 22. Qxb4 Nxb4 $11 {[%emt 0:00:03][%mdl 4096] Endgame. KBN-KNN} 23. Bb1 Nc6 24. Kf1 b6 25. Bd3 Nb4 26. Bb1 Nc6 27. Bd3 Nb4 28. Bb1 Nc6 29. Bd3 {[%emt 0:00:28] A rather calm draw.   Weighted Error Value: White=0.05 (flawless) /Black=0.04 (flawless) .  OK:         	White=5     	Black=6} 1/2-1/2

[Event "FIDE Candidates 2024"]
[Site "Toronto"]
[Date "2024.04.07"]
[Round "4.4"]
[White "Abasov, Nijat"]
[Black "Firouzja, Alireza"]
[Result "1/2-1/2"]
[ECO "E32"]
[WhiteElo "2632"]
[BlackElo "2760"]
[Annotator "TA"]
[PlyCount "127"]
[EventDate "2024.04.02"]
[EventType "tourn"]
[EventCountry "CAN"]
[SourceTitle "playchess.com"]
[Source "ChessBase"]
[SourceQuality "1"]
[TimeControl "40/7200:1800+30"]

1. d4 Nf6 2. c4 e6 3. Nc3 Bb4 4. Qc2 d6 5. e3 O-O 6. Bd3 {[%emt 0:00:07] E32: Nimzo-Indian: Classical (4 Qc2): 4...0-0.} c5 7. dxc5 Bxc5 8. Nf3 d5 9. O-O dxc4 10. Bxc4 Nbd7 11. b3 a6 12. Bd3 b5 $146 ({Predecessor:} 12... h6 13. Bb2 Qc7 14. Rac1 Bd6 15. Qe2 Qb8 16. Bb1 b5 17. Rfd1 Bb7 18. h3 Rd8 {1-0 Jap Tjoen San,L (2175)-Carvalho,A (2130) EU-ch rapid (Women) 1997 (9)}) 13. Ne4 Bb7 14. Nxc5 Nxc5 15. Bxb5 Nxb3 16. Qxb3 axb5 17. Rd1 Qc7 18. Bb2 Qc5 19. Bxf6 gxf6 20. Rac1 Qf5 21. Nd4 Qg5 22. Nc6 (22. Nxb5 $2 Qxg2#) 22... Ra6 23. h4 $1 Qxh4 24. Qxb5 Rxa2 25. g3 (25. Qxb7 $2 {is a self mate.} Qxf2+ 26. Kh2 Qxg2#) (25. Ne7+ $11 {is superior.} Kg7 26. Qxb7 Qxf2+ 27. Kh1) 25... Bxc6 $15 26. Qxc6 Qh5 27. Kg2 Rb8 28. Qf3 Qg6 (28... Qxf3+ {simplifies} 29. Kxf3 Rbb2 30. Rf1 h5) 29. Ra1 Rxa1 30. Rxa1 Kg7 31. Ra4 Rb5 32. Rf4 h5 33. e4 Rg5 34. Kh3 e5 (34... Ra5 $15) 35. Rf5 $1 $11 Rxf5 36. Qxf5 Kh6 37. Qf3 Qg5 38. Qd1 $1 Kg7 39. Qf3 $1 Kg6 40. Qd1 $1 f5 41. Qd6+ $1 Qf6 42. exf5+ Kxf5 43. Qd3+ Kg5 44. Qe3+ Kg6 45. Kg2 Qc6+ 46. Kh2 Qd5 47. Qb6+ f6 48. Qb8 Qe6 49. Qa8 f5 50. Qd8 Qf6 51. Qe8+ Kh6 52. Kg2 f4 53. gxf4 Qxf4 54. Qh8+ Kg5 55. Qd8+ Kg4 56. Qd7+ Kh4 57. Qh3+ Kg5 58. Qb3 e4 59. Qc3 Qg4+ 60. Kh2 Kh4 61. Qf6+ Qg5 62. Qd6 Kg4 63. Qd1+ Kf4 64. Qd2+ 1/2-1/2

[Event "FIDE Candidates 2024"]
[Site "Toronto"]
[Date "2024.04.11"]
[Round "7.4"]
[White "Abasov, Nijat"]
[Black "Vidit, Santosh Gujrathi"]
[Result "1/2-1/2"]
[ECO "C65"]
[WhiteElo "2632"]
[BlackElo "2727"]
[Annotator "TA"]
[PlyCount "101"]
[EventDate "2024.04.02"]
[EventType "tourn"]
[EventCountry "CAN"]
[SourceTitle "playchess.com"]
[Source "ChessBase"]
[SourceQuality "1"]
[TimeControl "40/7200:1800+30"]

1. e4 e5 2. Nf3 Nc6 3. Bb5 Nf6 4. d3 Bc5 5. Bxc6 dxc6 6. O-O {[%emt 0:00:19] C65: Ruy Lopez: Berlin Defence (3...Nf6), unusual lines and 4 0-0 Bc5.} Nd7 7. Nc3 Qe7 8. Be3 Bxe3 9. fxe3 b6 10. a3 $146 ({Predecessor:} 10. Qe1 Bb7 11. Qg3 f6 12. a3 a5 13. Nd2 h5 14. Nf3 g5 15. h4 Rg8 16. hxg5 fxg5 {1-0 Anand,V (2751)-So,W (2776) Warsaw Superbet Classic Blitz 2022 (6.5)}) 10... Bb7 11. b4 a5 12. Ne2 O-O 13. Ng3 g6 14. Qd2 c5 15. Qc3 f6 16. Rfb1 Rf7 17. Nd2 h5 18. Nf3 Qe6 19. h3 Kg7 20. Kh2 Qd6 21. Nh4 Kh7 22. Qe1 Rg7 23. Qe2 Qe6 (23... cxb4 $2 24. Nxg6 Rxg6 25. Nf5 $18) 24. c3 Kg8 25. Rf1 a4 (25... b5 {with more complications.} 26. d4 exd4 27. exd4 cxd4 28. cxd4 Qd6) 26. c4 Rd8 27. Qc2 Nf8 28. bxc5 (28. Qxa4 cxb4 (28... Rxd3 29. Qa7 $11) 29. axb4 Rxd3 $11) 28... bxc5 29. Rf3 Bc6 30. Raf1 Nh7 31. Ne2 $2 (31. Rd1 $11) 31... Qd6 $17 32. Nc1 f5 $1 33. R3f2 fxe4 34. dxe4 Qe7 35. Nf3 g5 $1 36. g3 Nf6 37. Nd2 (37. Nxg5 $2 Ng4+ 38. hxg4 Qxg5 $19 (38... Rxg5 39. Rf7 $15)) 37... Rd6 (37... Qd6 $17 {[%cal Og7d7] Strongly threatening ...Rgd7!} 38. Kg1 Rf7) 38. Ne2 $11 Bd7 39. Nb1 $2 (39. Nc3 $11 {and White is okay.} Rf7 40. Nd5 (40. Nxa4 $2 Qe6 $19)) 39... h4 $1 $19 40. Nbc3 {[%emt 0:00:00] [#]} c6 $1 41. gxh4 {[%emt 0:01:51] [#]} (41. Nxa4 $2 g4 42. Kh1 (42. Nb6 $2 gxh3 43. Kh1 hxg3 $19) 42... gxh3 43. Nxc5 Bg4 (43... hxg3 $2 44. Nxg3 Rxg3 45. Nxd7 $19) 44. gxh4 Nh5 $19) 41... g4 ({Black should try} 41... Rh7 $1 $17 42. Ng3 (42. Nxa4 $2 {perishes.} Rxh4 43. Ng3 Rxh3+ 44. Kg1 Rxg3+ $19) 42... Rxh4) 42. Ng3 $1 $11 gxh3 43. Rxf6 $1 Rxf6 44. Rxf6 Qxf6 45. Nh5 Qxh4 ({Wrong is} 45... Qf2+ $2 46. Qxf2 Rf7 47. Qg3+ Kf8 48. Nxa4 $18 (48. Qxe5 Be8 $18)) 46. Nxg7 Kxg7 47. Qd2 Bc8 48. Qe2 Bg4 49. Qd2 Bc8 50. Qe2 Bg4 51. Qd2 1/2-1/2

[Event "FIDE Candidates 2024"]
[Site "Toronto"]
[Date "2024.04.14"]
[Round "9.4"]
[White "Abasov, Nijat"]
[Black "Caruana, Fabiano"]
[Result "1/2-1/2"]
[ECO "E40"]
[WhiteElo "2632"]
[BlackElo "2803"]
[Annotator "TA"]
[PlyCount "87"]
[EventDate "2024.04.02"]
[EventType "tourn"]
[EventCountry "CAN"]
[SourceTitle "playchess.com"]
[Source "ChessBase"]
[SourceQuality "1"]
[TimeControl "40/7200:1800+30"]

1. d4 d5 2. c4 e6 3. Nc3 Bb4 4. a3 Bxc3+ 5. bxc3 Nf6 6. e3 c6 7. a4 O-O 8. Bd3 e5 9. dxe5 dxc4 10. Bxc4 {[%emt 0:09:28] [#] Qxd8 would now be deadly.} Qxd1+ 11. Kxd1 Ng4 12. Ke1 {[%emt 0:02:48] Strongly threatening f4.} Nxe5 13. Be2 Rd8 14. Nf3 Nd3+ 15. Bxd3 Rxd3 16. Bb2 {[%emt 0:00:22][%cal Bc1b2,Bb2c3,Bc3e5][%mdl 32] White is weak on the light squares} Be6 17. Ke2 Rd8 18. Nd2 {[%emt 0:15:12] Dodges Bc4+} c5 19. c4 Nc6 20. a5 Rd7 21. Bc3 Rad8 22. Rhc1 h6 23. Rab1 Bf5 {[%emt 0:11:03] [#] White must now prevent ...Bd3+.} (23... Ne5 {simplifies} 24. Bxe5 Rxd2+ 25. Ke1 Ra2) 24. Rb5 Ne5 25. Bxe5 ({Reject} 25. Rxc5 Nd3 26. Rxf5 Nxc1+ 27. Ke1 Rd3 $17) 25... Rxd2+ 26. Kf3 Ra2 27. Rxb7 Rdd2 28. Bg3 a6 29. Rc7 Rxa5 30. h4 h5 31. Kf4 Be6 32. Ke5 Kh7 33. Ke4 Rb2 34. Rc3 Rd2 35. Rc1 Rd8 36. Rc6 {[%emt 0:01:54][%cal Oc6e6] And now Rxe6! would win.} Rd7 37. Bd6 Ra4 {[%emt 0:00:13] The position is equal.} 38. Kf3 f6 39. Kg3 Bxc4 40. Rxc5 Bf7 41. Bf4 Rb4 42. Rc7 Rb7 43. Rxd7 Rxd7 44. Rc7 {[%emt 0:00:19] Weighted Error Value: White=0.04 (flawless) /Black=0.05 (flawless) .  Inaccurate:     	White=1     	Black=1      OK:         	White=21    	Black=16     Best:        	White=1     	Black=3} 1/2-1/2

[Event "FIDE Candidates 2024"]
[Site "Toronto"]
[Date "2024.04.18"]
[Round "12.3"]
[White "Abasov, Nijat"]
[Black "Gukesh D"]
[Result "0-1"]
[ECO "E32"]
[WhiteElo "2632"]
[BlackElo "2743"]
[Annotator "TA"]
[PlyCount "114"]
[EventDate "2024.04.02"]
[EventType "tourn"]
[EventCountry "CAN"]
[SourceTitle "playchess.com"]
[Source "ChessBase"]
[SourceQuality "1"]
[TimeControl "40/7200:1800+30"]

1. d4 Nf6 2. c4 e6 3. Nc3 Bb4 4. Qc2 h6 5. Nf3 c5 6. dxc5 Na6 7. g3 Nxc5 8. Bg2 {[%emt 0:05:08] White has an edge.} Nce4 9. O-O Nxc3 10. bxc3 Bc5 11. e4 Nh7 12. e5 Rb8 13. Nd2 b6 14. Ne4 Bb7 15. h4 Qc7 16. Rd1 Bxe4 17. Qxe4 O-O 18. Bf4 Rfd8 19. Rd2 Nf8 20. h5 b5 {[%emt 0:00:32] Black is weak on the light squares} 21. cxb5 Rxb5 22. Bf1 Rb6 23. Rad1 Rdb8 24. a4 Rb3 25. Rd3 Ra3 26. Rf3 (26. Bc1 $1 $11 {deserves consideration.} Ra1 27. Be3 Rxd1 28. Rxd1) 26... Qc6 $1 $15 27. Qxc6 dxc6 28. Rfd3 Rxa4 29. Bg2 Ra2 30. R1d2 ({Better is} 30. R3d2 $15 Rxd2 31. Bxd2) 30... Rxd2 31. Rxd2 Rc8 32. Be4 a5 33. Bc2 g5 34. hxg6 Nxg6 35. Kg2 Kg7 36. Ba4 Ne7 37. c4 Rb8 38. Ra2 $1 Bb4 39. Kf3 Rd8 40. Be3 {[%emt 0:00:00] Wards off Rd4. White is on the road to losing.} (40. Ke4 $15) 40... Rd3 $1 $17 41. Ke2 Rc3 42. c5 (42. Bb6 $17 {might work better.}) 42... Nd5 $1 $19 ({But not} 42... Bxc5 43. Bd2 Rc4 44. Bxa5 $17) 43. Rc2 {[%emt 0:00:07] [#]} Rxc2+ $1 44. Bxc2 {[%emt 0:00:05][%mdl 4096] Endgame. [#] KBB-KBN} a4 $1 {[%emt 0:02:15][%mdl 512] Strongly threatening ...a3.} 45. Kd3 (45. Bd4 a3) 45... a3 {[%emt 0:01:20] ...a2 would now be deadly.} 46. Bb3 Kg6 47. Bd4 (47. Kc4 $142) 47... Kg5 48. Kc4 Be1 49. Kd3 Kg4 {[%emt 0:01:49] aiming for ...Kf3.} 50. Bd1+ Kg5 51. Bb3 Kf5 52. Kc4 Ke4 53. Bd1 $2 (53. g4) 53... a2 (53... Bxf2 $142 54. Bc2+ Kf3 55. Bd1+ Kxg3) 54. f3+ Kf5 55. Bc2+ Kg5 56. Bb3 Bxg3 {[%emt 0:00:10] Hoping for ...h5.} 57. Bxa2 h5 {[%emt 0:00:54] Weighted Error Value: White=0.27 (precise) /Black=0.18 (very precise) .  Mistake:       	White=6     	Black=1      Inaccurate:     	White=2     	Black=2      OK:         	White=16    	Black=26     Best:        	White=3     	Black=1      Strong:       	White=1     	Black=4      Brilliant:      	---       	Black=1} 0-1

[Event "FIDE Candidates 2024"]
[Site "Toronto"]
[Date "2024.04.21"]
[Round "14.4"]
[White "Abasov, Nijat"]
[Black "Praggnanandhaa R"]
[Result "0-1"]
[ECO "E69"]
[WhiteElo "2632"]
[BlackElo "2747"]
[Annotator "TA"]
[PlyCount "104"]
[EventDate "2024.04.02"]
[EventType "tourn"]
[EventCountry "CAN"]
[SourceTitle "playchess.com"]
[Source "ChessBase"]
[SourceQuality "1"]
[TimeControl "40/7200:1800+30"]

1. d4 Nf6 2. c4 g6 3. Nc3 Bg7 4. g3 O-O 5. Bg2 d6 6. Nf3 Nbd7 7. O-O e5 8. e4 Re8 9. Re1 exd4 10. Nxd4 c6 11. h3 Qb6 12. Nb3 Ne5 13. Be3 {[%emt 0:12:34] E69: King's Indian: Fianchetto: 6...Nbd7 7 0-0 e5 8 e4 c6 9 h3.} c5 14. Bf1 Be6 15. Nd5 Bxd5 16. exd5 Ne4 17. Kg2 a5 18. Nd2 $146 ({Predecessor:} 18. Rb1 a4 19. Nd2 Nd7 20. Nxe4 Rxe4 21. Qc2 Ree8 22. h4 h5 23. Be2 Qc7 24. Bf4 {0-1 Lin,W (2408)-Li,S (2457) Belt and Road Hunan op-A 2019 (8)}) 18... Nxd2 19. Qxd2 Nd7 20. Rab1 a4 21. Qc2 Qa6 22. Bd2 Bd4 23. Bc3 Bxc3 24. bxc3 b6 25. a3 Kg7 26. Bd3 Qc8 27. f4 Qc7 28. Qd2 Nf6 29. Bc2 (29. g4 {keeps more tension.} Qd7 30. f5 Qd8 31. g5) 29... Rxe1 30. Rxe1 Qd7 31. Rb1 Rb8 32. Qd1 Qe7 33. Qe1 ({White should play} 33. Qd3 $15) 33... Qxe1 $17 34. Rxe1 {[%emt 0:00:05] [#]} b5 $1 35. cxb5 (35. Rb1 $2 Re8 36. Kf3 bxc4 $19) 35... Rxb5 36. Bxa4 Ra5 37. Bc6 Rxa3 38. Re3 Ra2+ 39. Kf3 Rh2 40. Re7 Kf8 41. Ra7 (41. Re1 $142) 41... Rc2 (41... Nh5 $142 42. Bd7 f5) 42. Ra3 {[%emt 0:00:43] [#]} h6 (42... Rc1 $142 $1 43. Bb5 Nxd5) 43. Ba4 (43. g4 $142) 43... Rc1 $17 44. Bc6 Kg7 45. Rb3 (45. Bb5 $17) 45... c4 $19 46. Ra3 Rd1 47. g4 Rd3+ ({Weaker is} 47... Nxd5 48. Ke2 Rd3 (48... Nxf4+ $2 49. Kxd1 Nxh3 50. Ke2 $18) 49. Bxd5 Rxd5 50. Ra4 $17) 48. Kg2 Nxd5 49. Bxd5 Rxd5 50. h4 Rd2+ 51. Kf3 Rd3+ 52. Ke4 $2 (52. Kf2 $19) 52... Rh3 $2 (52... f5+ {mates} 53. gxf5 Kf6 54. Ra5 gxf5+ (54... Rxc3 55. fxg6 Kxg6 56. Rd5 $11) 55. Rxf5+ Ke6 56. h5 d5+ (56... Rxc3 $2 57. Ra5 $19) 57. Rxd5 Rxd5 58. f5+ Kd6 (58... Rxf5 {is a self mate.} 59. Kd4 Rf4+ 60. Kc5 Rg4 61. Kc6 Rg5 62. Kc7 Rc5+ 63. Kb7 Kd7 64. Kb6 Rd5 65. Kb7 Rd6 66. Kb8 Kc6 67. Ka7 Rd8 68. Ka6 Ra8#) 59. Kf4 Rd3 60. Ke4 Rxc3 61. Kd4 Rc1 62. f6 Ke6 63. Kc5 Kxf6 64. Kb4 c3 65. Kc4 Ke5 66. Kd3 Kd5 67. Ke2 Ke4 68. Kf2 c2 69. Kg3 Rg1+ 70. Kh3 c1=Q (70... c1=B 71. Kh2 Be3 72. Kh3 Bf4 73. Kh4 Kf3 74. Kh3 Rh1#) 71. Kh2 Rh1+ 72. Kg3 Qg1#) 0-1